 Dungeon Crawl Stone Soup version 0.24.0-1-gfbc8707122 (webtiles) character file.

Game seed: 2550687551111669981, levelgen mode: deterministic

408 mortelune the Covered (level 6, 0/44 HPs)
             Began as a Gnoll Wanderer on Oct 26, 2019.
             Killed from afar by an orc wizard (5 damage)
             ... with a magic dart
             ... on level 4 of the Dungeon.
             The game lasted 00:12:51 (4936 turns).

mortelune the Covered (Gnoll Wanderer)              Turns: 4936, Time: 00:12:52

Health: 0/44       AC:  9    Str: 12    XL:     6   Next: 88%
Magic:  0/23       EV: 10    Int: 16    God:
Gold:   127        SH:  8    Dex: 17    Spells: 13/15 levels left

rFire    . . .     SeeInvis .   q - +0 whip
rCold    . . .     Gourm    .   e - +0 shield
rNeg     . . .     Faith    .   d - +2 scale mail
rPois    .         Spirit   +   (no helmet)
rElec    .         Reflect  .   (no cloak)
rCorr    .         Harm     .   (no gloves)
MR       .....                  (no boots)
Stlth    +.........             v - amulet of guardian spirit
HPRegen  0.14/turn              r - ring of magical power
MPRegen  0.18/turn              p - +3 ring of evasion

@: no status effects
A: distributed training, fangs 1, strong nose
a: no special abilities


You were on level 4 of the Dungeon.
You were not hungry.

You visited 1 branch of the dungeon, and saw 4 of its levels.
You also visited: Ossuary.

You collected 127 gold pieces.

Inventory:

Hand Weapons
 a - a +0 dagger
 b - a +0 hunting sling
 q - a +0 whip (weapon)
 s - a +0 halberd
Missiles
 k - 78 stones (quivered)
Armour
 d - a +2 scale mail (worn)
 e - a +0 shield (worn)
Jewellery
 g - an uncursed amulet of magic regeneration
 p - a +3 ring of evasion (right hand)
 r - a ring of magical power (left hand)
 v - an amulet of guardian spirit (around neck)
Wands
 c - a wand of random effects (28)
 y - a wand of enslavement (8)
Scrolls
 j - a scroll of enchant armour
 l - 2 scrolls of fog
 m - 3 scrolls of remove curse
 o - a scroll of fear
Potions
 u - a potion of cancellation
 x - 2 potions of might {unknown}
Comestibles
 f - 5 rations
 h - 2 chunks of flesh


   Skills:
 + Level 2.1 Fighting
 + Level 2.1 Short Blades
 + Level 2.1 Long Blades
 + Level 2.1 Axes
 + Level 2.1 Maces & Flails
 + Level 2.1 Polearms
 + Level 2.1 Staves
 + Level 2.1 Slings
 + Level 2.1 Bows
 + Level 2.1 Crossbows
 + Level 3.3 Throwing
 + Level 6.9 Armour
 + Level 2.1 Dodging
 + Level 2.1 Stealth
 + Level 2.1 Shields
 + Level 2.1 Unarmed Combat
 + Level 5.4 Spellcasting
 + Level 1.6 Conjurations
 + Level 1.6 Hexes
 + Level 4.1 Charms
 + Level 1.6 Summonings
 + Level 2.7 Necromancy
 + Level 1.6 Translocations
 + Level 1.6 Transmutations
 + Level 1.6 Fire Magic
 + Level 1.6 Ice Magic
 + Level 1.6 Air Magic
 + Level 1.6 Earth Magic
 + Level 1.6 Poison Magic
 + Level 2.3 Invocations
 + Level 3.3 Evocations


You had 13 spell levels left.
You knew the following spells:

 Your Spells              Type           Power        Failure   Level  Hunger
a - Shroud of Golubria    Chrm/Tloc      ##....       83%         2    #......

Your spell library contained the following spells:

 Spells                   Type           Power        Failure   Level  Hunger
 Blink                    Tloc           N/A          94%         2    #......


Dungeon Overview and Level Annotations

Branches:
Dungeon (4/15)            Ossuary (visited)
 Temple: D:4-7

Altars:


Innate Abilities, Weirdness & Mutations

Your experience applies equally to all skills.
You have very sharp teeth.
Your uncanny sense of smell can sniff out nearby items.


Message History

The orc wizard is lightly wounded.
The orc wizard closely misses you.
You closely miss the orc wizard.
The orc wizard is lightly wounded.
You block the orc wizard's attack. The orc wizard casts a spell at you.
The magic dart hits you.
* * * LOW HITPOINT WARNING * * *
You hit the orc wizard.
The orc wizard is moderately wounded.
The orc wizard closely misses you.
The orc priest calls down the wrath of Beogh upon you.
Pain shoots through your body!
* * * LOW HITPOINT WARNING * * *
The orc wizard hits you but does no damage.
You closely miss the orc wizard.
The orc wizard is moderately wounded.
The orc wizard points at you and mumbles some strange words.
The magic dart hits you!
You die...

......#.).#+.8.#..#
#o#
......##...#...#.##
#.#
###...+##..#...#)#
#o#
#(#...#.###'.8.'.#
#.#
.##...#..#.#...#.#
#########.#
.÷.###÷##..#...#.#
#....o..o.#
...#(##(.##'.8.#.#
#o#########
....####.###...#o#
#.# #####
#########@# #o#
.........# #.#
########.# #o# #o#
#.# #.######.#
#o.....o.#
##########


You could see an orc priest, an orc wizard and an orc.

Vanquished Creatures
  An ogre (D:4)
  A water moccasin skeleton (D:3)
  A scorpion (D:4)
  Jessica (D:2)
  Natasha (D:2)
  A worker ant (D:4)
  4 gnolls
  5 adders
  A dart slug (D:3)
  4 leopard geckos
  2 orcs
  8 bats
  3 giant cockroaches
  8 goblins
  5 hobgoblins
  4 jackals
  2 quokkas
  3 ball pythons
  5 frilled lizards
  8 kobolds
  3 rats
71 creatures vanquished.

Notes
Turn   | Place    | Note
-------+----------+-------------------------------------------
     0 | D:1      | mortelune the Gnoll Wanderer began the quest for the Orb.
     0 | D:1      | mortelune set off with the following items: a +0 dagger, a
                  | wand of random effects (15), a +2 scale mail, a ration; and
                  | the following spells available to memorise: Shroud of
                  | Golubria, Blink
     0 | D:1      | Reached XP level 1. HP: 13/13 MP: 6/6
   305 | D:1      | Reached XP level 2. HP: 19/19 MP: 7/7
  1176 | D:2      | Reached XP level 3. HP: 24/25 MP: 9/9
  1326 | D:2      | Reached skill level 5 in Spellcasting
  2043 | D:2      | Reached skill level 1 in Invocations
  2227 | D:2      | Noticed Jessica
  2247 | D:2      | Killed Jessica
  2247 | D:2      | Reached skill level 1 in Fighting
  2247 | D:2      | Reached skill level 1 in Short Blades
  2247 | D:2      | Reached skill level 1 in Long Blades
  2247 | D:2      | Reached skill level 1 in Axes
  2247 | D:2      | Reached skill level 1 in Maces & Flails
  2247 | D:2      | Reached skill level 1 in Polearms
  2247 | D:2      | Reached skill level 1 in Staves
  2247 | D:2      | Reached skill level 1 in Slings
  2247 | D:2      | Reached skill level 1 in Bows
  2247 | D:2      | Reached skill level 1 in Crossbows
  2247 | D:2      | Reached skill level 1 in Dodging
  2247 | D:2      | Reached skill level 1 in Stealth
  2247 | D:2      | Reached skill level 1 in Shields
  2247 | D:2      | Reached skill level 1 in Unarmed Combat
  2247 | D:2      | Reached XP level 4. HP: 28/32 MP: 11/11
  2614 | D:2      | Noticed Natasha
  2629 | D:2      | Killed Natasha
  2629 | D:2      | Reached skill level 1 in Conjurations
  2629 | D:2      | Reached skill level 1 in Hexes
  2629 | D:2      | Reached skill level 1 in Summonings
  2629 | D:2      | Reached skill level 1 in Translocations
  2629 | D:2      | Reached skill level 1 in Transmutations
  2629 | D:2      | Reached skill level 1 in Fire Magic
  2629 | D:2      | Reached skill level 1 in Ice Magic
  2629 | D:2      | Reached skill level 1 in Air Magic
  2629 | D:2      | Reached skill level 1 in Earth Magic
  2629 | D:2      | Reached skill level 1 in Poison Magic
  2697 | D:2      | Learned a level 2 spell: Shroud of Golubria
  3000 | D:2      | Reached XP level 5. HP: 21/37 MP: 12/12
  4049 | D:3      | Reached XP level 6. HP: 41/44 MP: 13/13
  4260 | D:4      | Found a sand-covered staircase.
  4277 | Ossuary  | Entered an ossuary
  4936 | D:4      | Killed from afar by an orc wizard

Levels and vault maps discovered:
D:1:      dpeg_arrival_rooms_b, layout_rooms, minmay_misc_feat_pillars,
          minmay_misc_feat_encased, minmay_misc_feat_chi, dk_noncrumbling_3
D:2:      layout_basic, hangedman_decor_diamond_cutter, uniq_natasha,
          uniq_jessica
D:3:      layout_rooms
D:4:      minmay_chambers_of_threes, layout_basic, makhleb_altar_promises_db,
          enter_ossuary_1, minivault_19, grunt_ministairs_9,
          kennysheep_small_spiral, uniq_edmund

Skill      XL: |  1  2  3  4  5  6 |
---------------+-------------------+-----
Necromancy     | 2 |  2.7
Spellcasting   | 5 |  5.4
Invocations    | 1 2 |  2.3
Fighting       | 1 2 |  2.1
Short Blades   | 1 2 |  2.1
Long Blades    | 1 2 |  2.1
Axes           | 1 2 |  2.1
Maces & Flails | 1 2 |  2.1
Polearms       | 1 2 |  2.1
Staves         | 1 2 |  2.1
Slings         | 1 2 |  2.1
Bows           | 1 2 |  2.1
Crossbows      | 1 2 |  2.1
Dodging        | 1 2 |  2.1
Stealth        | 1 2 |  2.1
Shields        | 1 2 |  2.1
Unarmed Combat | 1 2 |  2.1
Conjurations   | 1 |  1.6
Hexes          | 1 |  1.6
Summonings     | 1 |  1.6
Translocations | 1 |  1.6
Transmutations | 1 |  1.6
Fire Magic     | 1 |  1.6
Ice Magic      | 1 |  1.6
Air Magic      | 1 |  1.6
Earth Magic    | 1 |  1.6
Poison Magic   | 1 |  1.6
Throwing       | 3 |  3.3
Evocations     | 3 |  3.3
Charms         | 4 |  4.1
Armour         | |  6.9

Action                   |  1- 3 |  4- 6 || total
-------------------------+-------+-------++-------
Melee: Dagger            |   207 |       ||   207
       Bite              |    31 |    41 ||    72
       Whip              |    14 |   200 ||   214
       Halberd           |       |    61 ||    61
       Punch             |       |     1 ||     1
 Fire: Hunting sling     |    21 |       ||    21
 Cast: Shroud of Golubri |       |     6 ||     6
  Use: Scroll            |       |     8 ||     8
       Potion            |       |     4 ||     4
  Eat: Chunk             |     4 |    10 ||    14
Armor: Scale mail        |   148 |   140 ||   288
Dodge: Dodged            |   122 |   197 ||   319
Block: Shield            |       |    34 ||    34
